 Dungeon Crawl Stone Soup version 0.30-a0-726-gd89dcf765f (webtiles) character file.

Game seed: 2257653415080955737

241 drugrobin the Insei (level 5, -1/42 HPs)
             Began as a Demigod Delver on Jan 29, 2023.
             Slain by a gnoll bouda
             ... wielding a +0 whip
              (10 damage)
             ... on level 4 of the Dungeon.
             The game lasted 00:09:17 (3791 turns).

drugrobin the Insei (Demigod Delver)                Turns: 3791, Time: 00:09:18

Health: -1/42      AC:  6    Str: 19    XL:     5   Next: 51%
Magic:  7/7        EV: 10    Int: 12    God:
Gold:   253        SH:  0    Dex: 19    Spells: 4/4 levels left

rFire   . . .      SeeInvis .      - Unarmed
rCold   . . .      Faith    .    (no shield)
rNeg    . . .      Spirit   .    x - +0 scale mail
rPois   .          Reflect  .    (no helmet)
rElec   .          Harm     .    (no cloak)
rCorr   .          Rampage  .    (no gloves)
Will    .....                    (no boots)
Stlth   ++                       (no amulet)
HPRegen 0.27/turn                v - +6 ring of strength
MPRegen 0.10/turn                (no ring)

@: weakened
A: high MP 1, forlorn, divine attributes
a: no special abilities


You were on level 4 of the Dungeon.
You visited 1 branch of the dungeon, and saw 5 of its levels.

You collected 253 gold pieces.

Inventory:

Hand Weapons
 b - a +0 sling
Missiles
 a - a throwing net
 w - 4 poisoned darts
Armour
 x - a +0 scale mail (worn)
Jewellery
 v - a +6 ring of strength (left hand)
Wands
 f - a wand of digging (3)
Scrolls
 c - a scroll of enchant armour {unknown}
 d - 2 scrolls of fear
 g - a scroll of poison {unknown}
 i - a scroll of fog
 l - 2 scrolls of teleportation {unknown}
 n - a scroll of immolation {unknown}
 o - 4 scrolls of identify {unknown}
 p - a scroll of butterflies {unknown}
 s - a scroll of magic mapping
 t - a scroll of amnesia {unknown}
Potions
 e - a potion of haste
 h - 2 potions of cancellation {unknown}
 j - 4 potions of heal wounds {unknown}
 k - a potion of berserk rage {unknown}
 m - a potion of resistance {unknown}
 q - a potion of ambrosia {unknown}
 r - 2 potions of degeneration {unknown}
 u - a potion of curing {unknown}
 z - 2 potions of lignification {unknown}
 A - a potion of magic {unknown}
 B - 2 potions of flight {unknown}


   Skills:
 - Level 2.6 Fighting
 - Level 1.7 Dodging
 - Level 4.5 Stealth
 + Level 5.6 Unarmed Combat


You had 4 spell levels left.
You didn't know any spells.
Your spell library contained the following spells:

 Spells                   Type           Power      Damage    Failure   Level
 Animate Dead             Necr           0%         N/A       100%        4
 Haunt                    Necr/Summ      0%         N/A       100%        7
 Infestation              Necr           0%         N/A       100%        8


Dungeon Overview and Level Annotations

Branches:
Dungeon (5/15)             Temple (0/1) D:5

Annotations:
D:2 1 runed translucent door, Crazy Yiuf
D:4 exclusion: water moccasin
D:5 exclusions: adder, iguana, 2 orcs, orc priest and orc wizard


Innate Abilities, Weirdness & Mutations

You have an increased reservoir of magic. (+10% MP)
You shall have no god before yourself.
Your divine heritage dramatically boosts your attributes as you level up.


Message History

You feel as though you will be weak longer.
Unknown command.
The gnoll hits you with a +0 spear!
You hit the gnoll.
The gnoll is severely wounded.
The gnoll hits you with a +0 spear!
You hit the gnoll.
You kill the gnoll!
Your attacks no longer feel as feeble.
The gnoll bouda hits you with a +0 whip!
Things that are here:
a +0 spear; a +0 whip; a scroll labelled HUEPNUNWUD You punch the gnoll bouda!
Your punch misses the gnoll bouda.
The gnoll bouda is moderately wounded.
The gnoll bouda hits you with a +0 whip.
* * * LOW HITPOINT WARNING * * *
Unknown command.
You hit the gnoll bouda.
The gnoll bouda is heavily wounded.
The gnoll bouda hits you with a +0 whip.
* * * LOW HITPOINT WARNING * * *
Unknown command.
Unknown command.
You hit the gnoll bouda.
The gnoll bouda is heavily wounded.
The gnoll bouda closely misses you.
Unknown command.
Unknown command.
You punch the gnoll bouda!
The gnoll bouda is almost dead.
The gnoll bouda prays to its god.
The gnoll bouda is healed somewhat.
Unknown command.
Unknown command.
You completely miss the gnoll bouda.
The gnoll bouda is severely wounded.
The gnoll bouda gazes fiercely through you!
You feel your attacks grow feeble.
The gnoll bouda hits you with a +0 whip!
You die...

#.. ... #.# #.# #.#
#.# ..# #.# #.# #.#
#.# #.#
#.##.##.###.#########
.......†..@g.........
####.##.#####<.......#
......g...#####..
#..#.....>........#
....#..#####........
#### #..##.......##..
#..##.......# .
#..##.......##.
#..##...........


You could see a gnoll bouda.

Vanquished Creatures
  A necrophage (D:4)
  A scorpion (D:3)
  An orc wizard (D:4)
  An adder (D:4)
  3 gnolls
  A dart slug (D:2)
  2 orcs (D:4)
  4 ball pythons
  7 bats
  3 endoplasms
  2 giant cockroaches
  5 goblins
  7 hobgoblins
  4 quokkas
  4 frilled lizards
  2 kobolds (D:1)
  4 rats
52 creatures vanquished.

Notes
Turn   | Place    | Note
-------+----------+-------------------------------------------
     0 | D:5      | drugrobin the Demigod Delver began the quest for the Orb.
     0 | D:5      | Reached XP level 1. HP: 18/18 MP: 3/3
    10 | D:5      | Noticed an iguana
    16 | D:5      | Found a staircase to the Ecumenical Temple.
    35 | D:5      | Noticed an orc priest
    45 | D:5      | Noticed an orc wizard
   151 | D:1      | Reached skill level 2 in Unarmed Combat
   266 | D:1      | Reached XP level 2. HP: 25/25 MP: 4/4
   794 | D:1      | Reached skill level 3 in Unarmed Combat
  1275 | D:2      | Found a runed translucent door.
  1276 | D:2      | Noticed Crazy Yiuf
  1574 | D:2      | Reached XP level 3. HP: 30/30 MP: 5/5
  2675 | D:3      | Noticed a scorpion
  2689 | D:3      | Killed a scorpion
  2690 | D:3      | Reached skill level 4 in Unarmed Combat
  2690 | D:3      | Reached XP level 4. HP: 10/37 MP: 6/6
  3391 | D:4      | Noticed a necrophage
  3405 | D:4      | Killed a necrophage
  3406 | D:4      | Reached skill level 5 in Unarmed Combat
  3406 | D:4      | Reached XP level 5. HP: 19/42 MP: 7/7
  3567 | D:4      | Noticed a water moccasin
  3791 | D:4      | Slain by a gnoll bouda

Illustrated notes

Levels and vault maps discovered:
D:1:      psy_arrival_basics, layout_loops_ring, serial_rivers,
          chequers_serial_rivers_micro_b, chequers_serial_rivers_large_b,
          chequers_serial_rivers_room_b, chequers_serial_rivers_room_a
D:2:      layout_basic, basic_ecumenical_altar,
          hangedman_abyss_or_decor_lesser_grid, grunt_decor_one_mirror,
          uniq_crazy_yiuf_cottage
D:3:      layout_loops_ring
D:4:      layout_loops_ring, grunt_temple_overflow_champion_of_chaos
D:5:      kennysheep_kobold_camp, layout_rooms, minmay_temple_entry_wispy,
          chequers_serial_rivers_small_3, kennysheep_generic_room_14

Skill      XL: |  1  2  3  4 |
---------------+-------------+-----
Unarmed Combat | 2 3 4 5 |  5.6
Fighting       | |  2.6
Dodging        | |  1.7
Stealth        | |  4.5

Action                     |  1- 3 |  4- 6 || total
---------------------------+-------+-------++-------
  Melee: Unarmed           |   140 |    64 ||   204
         Dagger            |     5 |       ||     5
         Punch             |     5 |     1 ||     6
   Fire: Sling             |     1 |     4 ||     5
  Throw: Dart              |     4 |       ||     4
   Stab: Sleeping          |     9 |     1 ||    10
 Armour: Leather armour    |    37 |       ||    37
         Scale mail        |     3 |    18 ||    21
  Dodge: Dodged            |    96 |    22 ||   118

Table legend: (Time is in decaauts)
 A = Elapsed time spent in this place.
 B = Non-inter-level travel time spent in this place.
 C = Inter-level travel time spent in this place.
 D = Time resting spent in this place.
 E = Time spent auto-exploring this place.
 F = Levels seen in this place.
 G = Mean time per level.
                   A        B        C        D        E       F      G
               +--------+--------+--------+--------+--------+-----+--------+
         Total |   3823 |   3595 |    228 |    384 |   2532 |   5 |  764.6 |
       Dungeon |   3823 |   3595 |    228 |    384 |   2532 |   5 |  764.6 |
               +--------+--------+--------+--------+--------+-----+--------+

Top non-repeatable levels by time:
     D:2: 1382 daAuts
     D:1: 1044 daAuts
     D:3: 896 daAuts
     D:4: 422 daAuts
     D:5: 78 daAuts
